 Dungeon Crawl Stone Soup version 0.21.1-1-g345015f (webtiles) character file.

48 Hylith the Skirmisher (level 3, -3/33 HPs)
             Began as a Hill Orc Fighter on Apr 15, 2018.
             Shot with an arrow by a centaur (5 damage)
             ... on level 2 of the Dungeon.
             The game lasted 00:02:09 (1187 turns).

Hylith the Skirmisher (Hill Orc Fighter)            Turns: 1187, Time: 00:02:10

Health: -3/33      AC:  7    Str: 19    XL:     3   Next: 72%
Magic:  3/3        EV:  7    Int:  8    God:
Gold:   42         SH:  9    Dex: 15    Spells: 2/2 levels left

rFire    . . .     SeeInvis .   a - +0 war axe
rCold    . . .     Gourm    .   c - +0 shield
rNeg     . . .     Faith    .   b - +0 scale mail
rPois    .         Spirit   .   (no helmet)
rElec    .         Reflect  .   (no cloak)
rCorr    .         Harm     .   (no gloves)
MR       .....                  (no boots)
Stlth    ..........             (no amulet)
HPRegen  0.11/turn              h - +5 ring of dexterity
MPRegen  0.08/turn              (no ring)

@: no status effects
A: no striking features
a: no special abilities


You were on level 2 of the Dungeon.
You were very hungry.

You visited 1 branch of the dungeon, and saw 2 of its levels.

You collected 42 gold pieces.

Inventory:

Hand Weapons
 a - a +0 war axe (weapon)
Armour
 b - a +0 scale mail (worn)
 c - a +0 shield (worn)
Jewellery
 h - a +5 ring of dexterity (left hand)
 l - an uncursed amulet of harm {unknown}
Scrolls
 e - a scroll of identify {unknown}
 g - a scroll of teleportation {unknown}
 i - a scroll of immolation {unknown}
 j - a scroll of magic mapping {unknown}
Potions
 d - a potion of might
 k - a potion of curing {unknown}
Comestibles
 f - 3 rations


   Skills:
 * Level 4.1 Fighting
 * Level 3.8 Axes
 * Level 3.9 Armour
 + Level 3.4 Shields


You had 2 spell levels left.
You didn't know any spells.

Dungeon Overview and Level Annotations

Branches:
Dungeon (2/15)

Altars:
Ashenzari
Fedhas
Ru

Annotations:
D:2 2 transporters


Message History

The centaur shoots an arrow.
The arrow hits you.
The centaur shoots an arrow.
The arrow hits you.
You see here 2 arrows.
You are too injured to fight recklessly!
You are too injured to fight recklessly!
You are too injured to fight recklessly!
The centaur shoots an arrow.
You block the arrow.
The centaur shoots an arrow.
The arrow hits you but does no damage.
You see here an arrow.
You are feeling very hungry.
The centaur shoots an arrow.
The arrow hits you!
* * * LOW HITPOINT WARNING * * *
You see here an arrow.
The centaur shoots an arrow.
The arrow hits you.
* * * LOW HITPOINT WARNING * * *
You see here an arrow.
A rat and a hobgoblin come into view.
The hobgoblin shouts!
The centaur shoots an arrow.
The arrow hits you.
You die...

#.###.....≈≈≈≈≈§≈≈≈≈≈..
#..c...((..≈≈§§§≈≈≈....
#######(...≈§≈§§.......
#c...†.≈≈§§.......
#....†.≈§.........
#......≈..§..†...#
#.(....)......†..#
#(##........#.##.#
#@#.........#.#
.....>..#.........#.#
##r##.#.#.#########.#
g..###.#........>#
#######.#.#########
#.....#'######
#.##.........#
#.##.........#
#.##...........


You could see a centaur, a hobgoblin and a rat.

Vanquished Creatures
  An adder (D:2)
  5 dart slugs
  A worm (D:2)
  A leopard gecko (D:1)
  A giant cockroach (D:1)
  4 goblins
  5 hobgoblins
  A ball python (D:2)
  5 bats
  4 frilled lizards
  5 kobolds
  2 rats
35 creatures vanquished.

Vanquished Creatures (others)
  A ball python (D:2)
1 creature vanquished.

Grand Total: 36 creatures vanquished

Notes
Turn   | Place    | Note
-------+----------+-------------------------------------------
     0 | D:1      | Hylith the Hill Orc Fighter began the quest for the Orb.
     0 | D:1      | Reached XP level 1. HP: 19/19 MP: 1/1
   137 | D:1      | Reached XP level 2. HP: 20/27 MP: 2/2
   241 | D:1      | Reached skill level 4 in Fighting
   328 | D:1      | Reached XP level 3. HP: 33/33 MP: 3/3
   991 | D:2      | Found a blossoming altar of Fedhas.
  1065 | D:2      | Found a transporter.
  1072 | D:2      | Found a transporter.
  1078 | D:2      | Found a shattered altar of Ashenzari.
  1078 | D:2      | Found a sacrificial altar of Ru.
  1092 | D:2      | Noticed a centaur
  1187 | D:2      | Shot with an arrow by a centaur

Skill      XL: |  1  2 |
---------------+-------+-----
Axes           | 3 |  3.8
Fighting       | 4 |  4.1
Armour         | |  3.9
Shields        | |  3.4

Action                   || total
-------------------------++-------
Melee: War axe           ||    87
Armor: Scale mail        ||    44
Dodge: Dodged            ||    36
Block: Shield            ||    57
